AA - U28
TENNESSEE SMOKIES @ NORTHWEST ARKANSAS NATURALS
07/10/2052
 
TOP OF THE 1ST
St. Petersburg Flying Squirrels batting - Pitching for Mississippi Braves : RHP Alex Vergara
Pitching: RHP Alex Vergara
Batting: RHB Mateo Cortes 0-0: Ground out 4-3 (Groundball, 34, EV 105.0 MPH)
Batting: RHB Camilinho Musri 0-0: Foul Ball, location: 2F
0-1: Foul Ball, location: 2F
0-2: Ball
1-2: Ball
2-2: Ball
3-2: Fly out, F7 (Flyball, 7S, EV 76.9 MPH)
Batting: LHB Lee Hypolite 0-0: Ball
1-0: Ball
2-0: Ball
3-0: Base on Balls
Batting: RHB Hunter Lee 0-0: Called Strike
0-1: Foul Ball, location: 2F
0-2: Strikes out looking
Top of the 1st over - 0 runs, 0 hits, 0 errors, 1 left on base; St. Petersburg 0 - Mississippi 0
BOTTOM OF THE 1ST
Mississippi Braves batting - Pitching for St. Petersburg Flying Squirrels : RHP Ben Hollins
Pitching: RHP Ben Hollins
Batting: LHB Tracey Quinn 0-0: Ball
1-0: Ball
2-0: Foul Ball, location: 2F
2-1: Swinging Strike
2-2: Ball
3-2: Ground out 5-3 (Groundball, 56S, EV 79.4 MPH)
Batting: LHB Julio Hinojosa 0-0: Called Strike
0-1: Foul Ball, location: 2F
0-2: Strikes out looking
Batting: LHB Oscar Pérez 0-0: Called Strike
0-1: Ball
1-1: Ball
2-1: Ground out 4-3 (Groundball, 4S, EV 86.9 MPH)
Bottom of the 1st over - 0 runs, 0 hits, 0 errors, 0 left on base; St. Petersburg 0 - Mississippi 0
TOP OF THE 2ND
St. Petersburg Flying Squirrels batting - Pitching for Mississippi Braves : RHP Alex Vergara
Batting: RHB Chris Weaver 0-0: Foul Ball, location: 2F
0-1: Called Strike
0-2: Ball
1-2: Foul Ball, location: 2F
1-2: Ball
2-2: Ground out 6-3 (Groundball, 6, EV 81.2 MPH)
Batting: RHB Travis Beals 0-0: Called Strike
0-1: Swinging Strike
0-2: Strikes out swinging
Batting: RHB Deonte Doty 0-0: Called Strike
0-1: Ball
1-1: Foul Ball, location: 2F
1-2: Ball
2-2: Foul Ball, location: 2F
2-2: Foul Ball, location: 2F
2-2: Fly out, F8 (Flyball, 78M, EV 76.2 MPH)
Top of the 2nd over - 0 runs, 0 hits, 0 errors, 0 left on base; St. Petersburg 0 - Mississippi 0
BOTTOM OF THE 2ND
Mississippi Braves batting - Pitching for St. Petersburg Flying Squirrels : RHP Ben Hollins
Batting: SHB Andy Capuano 0-0: Ball
1-0: Fly out, F9 (Flyball, 89M, EV 79.4 MPH)
Batting: RHB Ugo McFalls 0-0: Ball
1-0: Ground out 6-3 (Groundball, 6, EV 92.5 MPH)
Batting: RHB Luis Romo 0-0: Ball
1-0: Called Strike
1-1: Ball
2-1: Ball
3-1: Base on Balls
Batting: RHB Juan Cruz 0-0: Ball
1-0: Ball
Pickoff Throw by Catcher to First - Out!
Bottom of the 2nd over - 0 runs, 0 hits, 0 errors, 0 left on base; St. Petersburg 0 - Mississippi 0
TOP OF THE 3RD
St. Petersburg Flying Squirrels batting - Pitching for Mississippi Braves : RHP Alex Vergara
Batting: LHB Logan Keaton 0-0: Ball
1-0: Foul Ball, location: 2F
1-1: Foul Ball, location: 2F
1-2: Ball
2-2: Strikes out swinging
Batting: RHB Jerry Hudson 0-0: Ball
1-0: Foul Ball, location: 2F
1-1: Ball
2-1: Foul Ball, location: 2F
2-2: Strikes out swinging
Batting: RHB Mateo Cortes 0-0: Ball
1-0: Swinging Strike
1-1: Ball
2-1: Foul Ball, location: 2F
2-2: Foul Ball, location: 2F
2-2: Strikes out swinging
Top of the 3rd over - 0 runs, 0 hits, 0 errors, 0 left on base; St. Petersburg 0 - Mississippi 0
BOTTOM OF THE 3RD
Mississippi Braves batting - Pitching for St. Petersburg Flying Squirrels : RHP Ben Hollins
Batting: RHB Juan Cruz 0-0: Ball
1-0: Ball
2-0: Called Strike
2-1: Foul Ball, location: 2F
2-2: Ball
3-2: Foul Ball, location: 2F
3-2: Foul Ball, location: 2F
3-2: SINGLE (Flyball, 3D, EV 96.9 MPH)
Batting: RHB Russ McDaniel 0-0: Ball
1-0: Grounds into double play, 5-4-3 (Groundball, 56, EV 78.8 MPH)
Batting: RHB Mason Reilly 0-0: Ball
1-0: Swinging Strike
1-1: Foul Ball, location: 2F
1-2: Ball
2-2: Ball
3-2: Foul Ball, location: 2F
3-2: SOLO HOME RUN (Flyball, 9D, EV 104.4 MPH), Distance : 393 ft
Batting: LHB Tracey Quinn 0-0: Foul Ball, location: 2F
0-1: Ball
1-1: Called Strike
1-2: Foul Ball, location: 2F
1-2: Ball
2-2: SINGLE (Groundball, 56D, EV 90.0 MPH) (infield hit)
Batting: LHB Julio Hinojosa 0-0: Called Strike
0-1: Ball
1-1: Foul Ball, location: 2F
1-2: Strikes out swinging
Bottom of the 3rd over - 1 run, 3 hits, 0 errors, 1 left on base; St. Petersburg 0 - Mississippi 1
TOP OF THE 4TH
St. Petersburg Flying Squirrels batting - Pitching for Mississippi Braves : RHP Alex Vergara
Batting: RHB Camilinho Musri 0-0: Foul Ball, location: 2F
0-1: Ball
1-1: Ball
2-1: Fly out, F4 (Line Drive, 4, EV 73.1 MPH)
Batting: LHB Lee Hypolite 0-0: Ball
1-0: Ball
2-0: Ball
3-0: Base on Balls
Batting: RHB Hunter Lee 0-0: Called Strike
0-1: Ball
1-1: Ball
2-1: Ball
3-1: Base on Balls
Lee Hypolite to second
Batting: RHB Chris Weaver 0-0: Called Strike
0-1: Foul Ball, location: 2F
0-2: Strikes out swinging
Batting: RHB Travis Beals 0-0: Ball
1-0: Ground out 4-3 (Groundball, 4S, EV 90.6 MPH)
Top of the 4th over - 0 runs, 0 hits, 0 errors, 2 left on base; St. Petersburg 0 - Mississippi 1
BOTTOM OF THE 4TH
Mississippi Braves batting - Pitching for St. Petersburg Flying Squirrels : RHP Ben Hollins
Batting: LHB Oscar Pérez 0-0: Foul Ball, location: 2F
0-1: Ball
1-1: Ball
2-1: Ball
3-1: Called Strike
3-2: SINGLE (Line Drive, 6MD, EV 98.8 MPH)
Batting: SHB Andy Capuano 0-0: SINGLE (Groundball, 23, EV 69.4 MPH) (infield hit)
Oscar Pérez to second
Batting: RHB Ugo McFalls 0-0: Called Strike
0-1: Ball
1-1: Swinging Strike
1-2: Ball
2-2: Ball
3-2: Grounds into double play, 5-4-3 (Groundball, 5, EV 88.8 MPH)
Oscar Pérez to third
Batting: RHB Luis Romo 0-0: Foul Ball, location: 2F
0-1: Called Strike
0-2: Ball
1-2: Ball
2-2: Foul Ball, location: 2F
2-2: Foul Ball, location: 2F
2-2: Ball
3-2: Foul Ball, location: 2F
3-2: Foul Ball, location: 2F
3-2: Ground out 5-3 (Groundball, 5, EV 82.5 MPH)
Bottom of the 4th over - 0 runs, 2 hits, 0 errors, 1 left on base; St. Petersburg 0 - Mississippi 1
TOP OF THE 5TH
St. Petersburg Flying Squirrels batting - Pitching for Mississippi Braves : RHP Alex Vergara
Batting: RHB Deonte Doty 0-0: Called Strike
0-1: Ground out 2-3 (Groundball, 2L, EV 65.6 MPH)
Batting: LHB Logan Keaton 0-0: Called Strike
0-1: Ball
1-1: Foul Ball, location: 2F
1-2: Strikes out swinging
Batting: RHB Jerry Hudson 0-0: Ball
1-0: Ball
2-0: Called Strike
2-1: Foul Ball, location: 2F
2-2: Ball
3-2: Ground out 4-3 (Groundball, 4, EV 81.2 MPH)
Top of the 5th over - 0 runs, 0 hits, 0 errors, 0 left on base; St. Petersburg 0 - Mississippi 1
BOTTOM OF THE 5TH
Mississippi Braves batting - Pitching for St. Petersburg Flying Squirrels : RHP Ben Hollins
Batting: RHB Juan Cruz 0-0: Called Strike
0-1: Ball
1-1: Called Strike
1-2: Ground out 6-3 (Groundball, 6, EV 105.6 MPH)
Batting: RHB Russ McDaniel 0-0: Ball
1-0: DOUBLE (Line Drive, 9LS, EV 109.4 MPH)
Batting: RHB Mason Reilly 0-0: SINGLE (Groundball, 3D, EV 101.9 MPH)
Russ McDaniel to third
Runner from 3rd tries for Home, SAFE, throw by RF to home
Batting: LHB Tracey Quinn 0-0: Fly out, F2 (Popup, 23F, EV 89.4 MPH)
Batting: LHB Julio Hinojosa 0-0: Ball
1-0: Ball
2-0: Foul Ball, location: 2F
2-1: Fielders Choice at 2nd, 6-4 (Groundball, 6, EV 101.2 MPH)
Bottom of the 5th over - 1 run, 2 hits, 0 errors, 1 left on base; St. Petersburg 0 - Mississippi 2
TOP OF THE 6TH
St. Petersburg Flying Squirrels batting - Pitching for Mississippi Braves : RHP Alex Vergara
Batting: RHB Mateo Cortes 0-0: SINGLE (Groundball, 4MD, EV 108.8 MPH)
Batting: RHB Camilinho Musri 0-0: Ball
1-0: Foul Ball, location: 2F
1-1: Ball
2-1: Called Strike
2-2: Ball
3-2: Grounds into double play, 4-6-3 (Groundball, 4, EV 98.8 MPH)
Batting: LHB Lee Hypolite 0-0: Ground out 4-3 (Groundball, 4, EV 80.6 MPH)
Top of the 6th over - 0 runs, 1 hit, 0 errors, 0 left on base; St. Petersburg 0 - Mississippi 2
BOTTOM OF THE 6TH
Mississippi Braves batting - Pitching for St. Petersburg Flying Squirrels : RHP Ben Hollins
Batting: LHB Oscar Pérez 0-0: Fly out, F9 (Flyball, 9, EV 89.4 MPH)
Batting: SHB Andy Capuano 0-0: Ball
1-0: Ball
2-0: Called Strike
2-1: Ball
3-1: Foul Ball, location: 2F
3-2: Foul Ball, location: 2F
3-2: Foul Ball, location: 2F
3-2: Foul Ball, location: 2F
3-2: SINGLE (Groundball, 56D, EV 100.6 MPH)
Batting: RHB Ugo McFalls 0-0: Called Strike
0-1: Ball
1-1: Ball
2-1: Swinging Strike
2-2: Ball
3-2: Strikes out looking
Batting: RHB Luis Romo 0-0: Swinging Strike
0-1: Swinging Strike
0-2: Strikes out looking
Bottom of the 6th over - 0 runs, 1 hit, 0 errors, 1 left on base; St. Petersburg 0 - Mississippi 2
TOP OF THE 7TH
St. Petersburg Flying Squirrels batting - Pitching for Mississippi Braves : RHP Alex Vergara
Batting: RHB Hunter Lee 0-0: DOUBLE (Flyball, 89XD, EV 100.0 MPH)
Batting: RHB Chris Weaver 0-0: Ball
1-0: Foul Ball, location: 2F
1-1: Fly out, F8 (Flyball, 78M, EV 81.9 MPH)
Batting: RHB Travis Beals 0-0: Ground out 6-3 (Groundball, 6S, EV 86.2 MPH)
Hunter Lee to third
Batting: RHB Deonte Doty 0-0: Ball
1-0: Ball
2-0: Called Strike
2-1: Ball
3-1: Base on Balls
Batting: LHB Logan Keaton 0-0: Reached on error, E5 (Groundball, 56S, EV 84.4 MPH)
Hunter Lee scores
Deonte Doty to third
Batting: RHB Jerry Hudson 0-0: Fly out, F9 (Flyball, 9D, EV 81.2 MPH)
Top of the 7th over - 1 run, 1 hit, 1 error, 2 left on base; St. Petersburg 1 - Mississippi 2
BOTTOM OF THE 7TH
Mississippi Braves batting - Pitching for St. Petersburg Flying Squirrels : RHP Ben Hollins
Batting: RHB Juan Cruz 0-0: Fly out, F4 (Flyball, 34D, EV 91.2 MPH)
Batting: RHB Russ McDaniel 0-0: Foul Ball, location: 2F
0-1: Called Strike
0-2: Ball
1-2: Ball
2-2: Fly out, F7 (Flyball, 7LS, EV 83.8 MPH)
Batting: RHB Mason Reilly 0-0: Foul Ball, location: 2F
0-1: Swinging Strike
0-2: Ball
1-2: Ball
2-2: Foul Ball, location: 2F
2-2: Strikes out swinging
Bottom of the 7th over - 0 runs, 0 hits, 0 errors, 0 left on base; St. Petersburg 1 - Mississippi 2
TOP OF THE 8TH
St. Petersburg Flying Squirrels batting - Pitching for Mississippi Braves : RHP Alex Vergara
Batting: RHB Mateo Cortes 0-0: Called Strike
0-1: Ball
1-1: Ground out 6-3 (Groundball, 56, EV 91.9 MPH)
Batting: RHB Camilinho Musri 0-0: Called Strike
0-1: Ground out 4-3 (Groundball, 4, EV 86.2 MPH)
Batting: LHB Lee Hypolite 0-0: Ball
1-0: Ball
2-0: Foul Ball, location: 2F
2-1: Ground out 4-3 (Groundball, 4, EV 101.2 MPH)
Top of the 8th over - 0 runs, 0 hits, 0 errors, 0 left on base; St. Petersburg 1 - Mississippi 2
BOTTOM OF THE 8TH
Mississippi Braves batting - Pitching for St. Petersburg Flying Squirrels : RHP Ben Hollins
Pitching: RHP Tobias Cruz
Batting: LHB Tracey Quinn 0-0: Ball
1-0: Ball
2-0: Ball
3-0: Called Strike
3-1: Base on Balls
Batting: LHB Julio Hinojosa 0-0: Ball
Tracey Quinn steals 2nd base
1-0: Ball
2-0: Ball
3-0: Called Strike
3-1: Base on Balls
Batting: LHB Oscar Pérez 0-0: Called Strike
0-1: DOUBLE (Line Drive, 8LXD, EV 103.1 MPH)
Tracey Quinn scores
Julio Hinojosa to third
Batting: SHB Andy Capuano 0-0: Foul Ball, location: 2F
0-1: Ground out 5-3 (Groundball, 25, EV 63.1 MPH)
Batting: RHB Ugo McFalls 0-0: Called Strike
0-1: Fly out, F8 (Flyball, 78M, EV 95.6 MPH)
Batting: RHB Luis Romo 0-0: Called Strike
0-1: Ball
1-1: Swinging Strike
1-2: Fly out, F9 (Flyball, 9, EV 89.4 MPH)
Bottom of the 8th over - 1 run, 1 hit, 0 errors, 2 left on base; St. Petersburg 1 - Mississippi 3
TOP OF THE 9TH
St. Petersburg Flying Squirrels batting - Pitching for Mississippi Braves : RHP Alex Vergara
Pitching: RHP Tommy DeHaas
Now at 1B: Alvin MacDonald
Now in RF: Brandon Brooks
Batting: RHB Hunter Lee 0-0: Swinging Strike
0-1: Foul Ball, location: 2F
0-2: Foul Ball, location: 2F
0-2: Strikes out swinging
Batting: RHB Chris Weaver 0-0: Called Strike
0-1: Called Strike
0-2: Ball
1-2: Ball
2-2: Strikes out swinging, 2-3 out at first.
Batting: RHB Travis Beals 0-0: Called Strike
0-1: Ball
1-1: Called Strike
1-2: Fly out, F4 (Popup, 4M, EV 63.8 MPH)
Top of the 9th over - 0 runs, 0 hits, 0 errors, 0 left on base; St. Petersburg 1 - Mississippi 3
Sunday, April 28th , 2024 - OOTP Baseball 24.11 Build 85